Cogmind - Beta 15 @@@ ROGUE MODE // 2025.07.17 @ 22:32:01 Player: LameThyst Result: Destroyed by 7R-MNS with Wave Gun Performance ------------- Evolutions (3) 1500 Regions Visited (5) 1000 Robots Destroyed (67) 335 Value Destroyed (1414) 1414 Prototype IDs (5) 100 Alien Tech Used (0) 0 Bonus (-120) -120 TOTAL SCORE: 4229 Bonus ------- Friendly Fire -120 Cogmind --------- Core Integrity 0/700 Matter 263/300 Energy 150/160 System Corruption 0% Temperature Cool (27) Movement Flying (195) Ox2 Location -7/Factory Parts ------- > --- POWER (1) -------- Light Nuclear Core > --- PROPULSION (5) --- VTOL Module > --- UTILITY (5) ------ Visual Processing Unit Signal Interpreter Melee Analysis Suite > --- WEAPON (2) ------- Rocket Launcher > --- INVENTORY (5) ---- Cooling System Particle Gun Peak State ------------ > --- POWER ------------ Improved Ion Engine > --- PROPULSION ------- Improved Flight Unit Improved Flight Unit Improved Flight Unit Xenon Bombardment Thruster > --- UTILITY ---------- Visual Processing Unit Signal Interpreter Seismic Detector Melee Analysis Suite > --- WEAPON ----------- Minigun Great Maul > --- INVENTORY -------- Cooling System Particle Gun Grenade Launcher [Rating: 28] Favorites ----------- Power Light Ion Engine Engine Light Ion Engine Power Core Light Nuclear Core Propulsion Light Treads Treads Light Treads Leg Improved Aluminum Leg Flight Unit Improved Flight Unit Utility Seismic Detector Device Seismic Detector Storage Medium Storage Unit Processor Signal Interpreter Weapon Heavy Assault Rifle Energy Gun Small Laser Energy Cannon Advanced Beam Cannon Ballistic Gun Heavy Assault Rifle Launcher Grenade Launcher Impact Weapon Great Maul Slashing Weapon Katana Build | -11 -10 -9 -9 -8 -7 ------- Run | Yrd Mat Mat Min Mat Fac Slots Evolved 6 | . . 2 . 2 2 Power . | . . . . . . Propulsion 3 | . . 1 . 1 1 Utility 3 | . . 1 . 1 1 Weapon . | . . . . . . Parts Attached 73 | 8 26 14 5 14 6 Power 12 | 1 5 4 1 . 1 Engine 10 | 1 4 4 1 . . Core 2 | . 1 . . . 1 Reactor . | . . . . . . Propulsion 21 | 2 8 2 2 4 3 Treads 4 | 2 2 . . . . Leg 5 | . 4 1 . . . Wheel . | . . . . . . Hover . | . . . . . . Flight 12 | . 2 1 2 4 3 Utility 16 | 3 4 4 1 4 . Device 9 | 2 2 2 1 2 . Storage 3 | 1 2 . . . . Processor 4 | . . 2 . 2 . Hackware . | . . . . . . Protection . | . . . . . . Artifact . | . . . . . . Weapon 24 | 2 9 4 1 6 2 Energy Gun 5 | 1 2 2 . . . Energy Cannon 1 | . . 1 . . . Ballistic Gun 10 | 1 6 . 1 2 . Ballistic Cannon . | . . . . . . Launcher 4 | . . . . 2 2 Special Weapon . | . . . . . . Impact Weapon 2 | . . 1 . 1 . Slashing Weapon 2 | . 1 . . 1 . Piercing Weapon . | . . . . . . Special Melee Weapon . | . . . . . . Unidentified Prototypes 4 | . 1 2 . 1 . Parts Lost 23 | . 1 4 2 5 11 Power 3 | . . 2 . . 1 Propulsion 10 | . 1 . 1 3 5 Utility 4 | . . 2 1 . 1 Weapon 6 | . . . . 2 4 Highest Loss Streak 11 | . 1 2 1 3 11 To Critical Strikes . | . . . . . . Average Backups 6 | 3 8 6 5 4 2 Power 1 | 1 1 . 1 . . Propulsion 1 | 1 2 1 . . . Utility 1 | . 1 1 1 . 1 Weapon 2 | . 2 2 3 3 1 Tool/Special . | . . . . . . Unused Backups 8 | . 3 3 1 . 1 Power 1 | . . 1 . . . Propulsion 4 | . 3 1 . . . Utility . | . . . . . . Weapon 3 | . . 1 1 . 1 Tool/Special . | . . . . . . Average Slot Usage (%) 89 | . 99 89 99 59 77 Engine 10 | . 12 9 11 4 5 Treads 7 | . 14 . . . . Leg 9 | . 13 14 . . . Flight 9 | . . 18 32 12 27 Device 12 | . 14 13 13 10 5 Storage 8 | . 14 5 . . . Processor 7 | . . 6 19 19 23 Energy Gun 5 | . 8 7 4 . . Ballistic Gun 12 | . 19 6 12 1 2 Impact Weapon 3 | . . 8 6 8 7 Peak Build Rating 28 | 7 12 19 20 23 28 Average Rating 11 | 6 9 14 18 14 24 On Entrance 12 | . 7 12 19 15 22 Naked Turns . | . . . . . . Heaviest Build 20 | 11 20 20 16 15 16 Greatest Support 40 | 40 40 39 14 15 25 Greatest Overweight (x) 5 | . 5 . 1 4 . Average Overweight (x) . | . . . . . . Largest Inventory Capacity 10 | 8 10 10 5 5 5 Average Capacity 7 | 7 9 7 5 5 5 Most Carried 10 | 6 10 10 5 5 3 Average Carried 6 | 3 8 5 5 4 2 Final Capacity 10 | 8 10 5 5 5 5 Final Carried 10 | 6 10 5 5 3 2 Class Distribution -------------------- 96% | Mutant Dominant Class ---------------- Mutant | -10/Materials Mutant | -9/Materials Mutant | -9/Mines Mutant | -8/Materials Mutant | -7/Factory Resources | -11 -10 -9 -9 -8 -7 ----------- Run | Yrd Mat Mat Min Mat Fac Matter Collected 1393 | 297 396 264 129 246 61 Remotely . | . . . . . . Salvage Created 1976 | 153 491 421 212 540 159 Parts 118 | 10 38 34 20 8 8 Haulers Intercepted 6 | . 2 2 . 2 . Recyclers Shooed 3 | . 2 1 . . . Parts Field Recycled . | . . . . . . Retrieved Matter . | . . . . . . Parts Self-Destructed . | . . . . . . Prevented . | . . . . . . Kills | -11 -10 -9 -9 -8 -7 ------- Run | Yrd Mat Mat Min Mat Fac Combat Hostiles Destroyed 39 | . 11 10 6 5 7 Melee 3 | . . . . 1 2 Guns 22 | . 11 7 4 . . AOE 5 | . . . 1 . 4 Classes Destroyed 11 | 2 5 1 . 3 . Worker 4 | . 1 2 . 1 . Builder 6 | . . . . 5 1 Tunneler 5 | 3 . . 1 1 . Hauler 6 | . 2 2 . 2 . Recycler 4 | 1 1 . . 2 . Operator 1 | . . . . 1 . Watcher 2 | . 1 1 . . . Swarmer 19 | . 7 6 3 . 3 Grunt 17 | . 4 3 3 4 3 Duelist 2 | . . . . 1 1 Sentry 1 | . . 1 . . . Best Kill Streak 9 | 2 4 6 3 9 4 Combat Bots Only 4 | . 3 4 3 3 4 Max Kills in Single Turn 3 | 1 1 1 2 2 3 Gunslinging . | . . . . . . Exploded 3 | . . . 1 . 3 Melee 1 | . . . . 1 1 Uniques/NPCs Destroyed . | . . . . . . Combat | -11 -10 -9 -9 -8 -7 -------- Run | Yrd Mat Mat Min Mat Fac Hostile Shots Fired 298 | . 76 123 18 41 40 Missed 82 | . 21 30 5 9 17 Hits 216 | . 55 93 13 32 23 Melee 3 | . . . . 1 2 Projectile 213 | . 55 93 13 31 21 AOE 2 | . . . 2 . . Critical Strikes 4 | . 1 . . 2 1 Part Disruptions 1 | . . . . . 1 Damage Taken 3790 | . 544 907 223 831 1285 Core 1581 | . 46 254 132 434 715 Absorbed by Shields . | . . . . . . Core Remaining (%) 51 | 100 81 . 3 21 . Volleys Fired 136 | 17 54 39 13 7 6 Largest 2 | 2 2 2 2 1 1 Hottest 73 | 60 63 73 46 33 33 Shots Fired 237 | 34 108 60 22 7 6 Gun 224 | 34 108 60 22 . . Cannon . | . . . . . . Launcher 13 | . . . . 7 6 Special . | . . . . . . Kinetic 139 | 17 66 38 18 . . Thermal 80 | 17 42 21 . . . Explosive 13 | . . . . 7 6 Electromagnetic 5 | . . 1 4 . . Robot Hit Streak 13 | 7 13 4 4 . 3 Robot Miss Streak 8 | 2 8 4 2 1 2 Penetration Max . | . . . . . . Secondary Targets 7 | . 4 2 1 . . Max Gunslinging Chain 1 | . 1 1 1 . . Shots Hit Robots 166 | 23 60 34 17 23 9 Core Hits 74 | 8 27 16 7 4 12 Critical Kills 3 | . 1 . . 1 1 Critical Parts Destroyed 15 | . . 3 1 9 2 Critical Strikes 18 | . 1 3 1 10 3 Destroy 1 | . 1 . . . . Smash 17 | . . 3 1 10 3 Melee Attacks 72 | . 1 12 2 48 9 Impact 67 | . . 12 2 44 9 Slashing 5 | . 1 . . 4 . Piercing . | . . . . . . Sneak Attacks 12 | . . 1 . 10 1 Combat Hostiles 2 | . . 1 . 1 . Follow-up Attacks . | . . . . . . Damage Inflicted 4475 | 228 603 621 307 1860 856 Guns 1502 | 228 603 425 246 . . Cannons . | . . . . . . Explosions 849 | . . . 35 285 529 Melee 2124 | . . 196 26 1575 327 Ramming . | . . . . . . Kinetic 951 | 106 328 337 180 . . Thermal 989 | 122 275 76 35 205 276 Explosive 333 | . . . . 80 253 Electromagnetic 78 | . . 12 66 . . Impact 2083 | . . 196 26 1534 327 Slashing 41 | . . . . 41 . Piercing . | . . . . . . Highest Corruption . | . . . . . . Average Corruption . | . . . . . . Corruption Purged . | . . . . . . Corruption Blocked . | . . . . . . Overload Shots . | . . . . . . Overflow Damage 1451 | . . 78 26 928 419 Projectiles 1 | . . . . 1 . Explosions 219 | . . . . 23 196 Melee 1231 | . . 78 26 904 223 Knockbacks 10 | . . 1 1 7 1 Impact 9 | . . 1 1 6 1 Kinetic . | . . . . . . Secondary 1 | . . . . 1 . Self-Inflicted Damage 1196 | . . . 34 309 853 Shots 22 | . . . 1 7 14 Rammed . | . . . . . . Targets Rammed . | . . . . . . Kicked . | . . . . . . Crushed . | . . . . . . Highest Temperature 216 | 40 216 23 11 . 41 Average Temperature 37 | 20 54 10 5 . 14 Received Heat Transfer 840 | . 144 219 54 306 117 Siege Activations . | . . . . . . Martial Activations . | . . . . . . Shielding Activations . | . . . . . . Robots Disrupted . | . . . . . . Combat Hostiles . | . . . . . . Robots Corrupted 15 | . . 3 1 9 2 Combat Hostiles 9 | . . 3 1 4 1 Parts Fried 28 | . . 5 1 20 2 Impact Corruptions 38 | . . 4 1 25 8 Robots Melted . | . . . . . . Combat Hostiles . | . . . . . . Parts Melted . | . . . . . . Heat Transferred 1522 | 275 625 222 . 150 250 Parts Sabotaged . | . . . . . . Parts Stolen . | . . . . . . Parts Stripped . | . . . . . . Power Chain Reactions 1 | . . . 1 . . Alert | -11 -10 -9 -9 -8 -7 ------- Run | Yrd Mat Mat Min Mat Fac Maximum Alert Level 1 | . . . . . 1 Low Security (%) 99 | 100 100 100 100 100 77 Level 1 . | . . . . . 22 Level 2 . | . . . . . . Level 3 . | . . . . . . Level 4 . | . . . . . . Level 5 . | . . . . . . High Security . | . . . . . . Max Security . | . . . . . . Peak Influence 335 | 5 142 136 113 198 335 Initial 85 | . . . 40 29 85 Average 59 | . 29 67 82 125 186 Influence Increases 1643 | 20 330 327 158 431 377 Destroy 0b10 Robot/C 780 | . 220 200 120 100 140 Destroy 0b10 Robot/NC 140 | 20 25 25 5 60 5 Destroy Leader 156 | . 46 36 30 24 20 Successful Hack 41 | . 24 17 . . . Disable Machine 255 | . 15 30 . 60 150 Destroy Structure 151 | . . 4 3 82 62 Partial Spotted 30 | . . 15 . 15 . Lose Combat Pursuer 90 | . . . . 90 . Influence Decreases 1341 | 20 330 221 186 321 263 Entered New Map 218 | . . . 66 49 103 Time Decay 827 | 20 254 181 100 222 50 Lost Part 220 | . . 40 20 50 110 Purge Threat 76 | . 76 . . . . Squads Dispatched 5 | . 1 . 1 3 . Investigation 2 | . 1 . 1 . . Extermination . | . . . . . . Reinforcement 3 | . . . . 3 . Assault . | . . . . . . Garrison . | . . . . . . Intercept . | . . . . . . Searches Triggered . | . . . . . . Construction Impeded 1 | . . . . 1 . Haulers Reinforced . | . . . . . . Active Scanning Responses . | . . . . . . Cargo Convoy Interrupts . | . . . . . . Stealth | -11 -10 -9 -9 -8 -7 --------- Run | Yrd Mat Mat Min Mat Fac Distress Signals 8 | . 2 2 . 4 . Communications Jammed . | . . . . . . Distress Signals . | . . . . . . Times Spotted 78 | . 25 24 7 14 8 Peak Tracking Total 8 | . 5 6 3 8 5 Tactical Retreats 2 | . . . . 2 . Traps | -11 -10 -9 -9 -8 -7 ------- Run | Yrd Mat Mat Min Mat Fac Traps Triggered 1 | . 1 . . . . Indirectly . | . . . . . . Trap Hack Attempts . | . . . . . . Triggered . | . . . . . . Disarmed . | . . . . . . Reprogrammed . | . . . . . . Reused . | . . . . . . Traps Extracted . | . . . . . . Installed . | . . . . . . Triggered . | . . . . . . Machines | -11 -10 -9 -9 -8 -7 ---------- Run | Yrd Mat Mat Min Mat Fac Machines Disabled 17 | . 1 2 . 4 10 Max in Single Turn 5 | . 1 1 . 1 5 Machines Repaired . | . . . . . . Machines Dismantled . | . . . . . . Machines Sabotaged . | . . . . . . Overloaded Fab Kills . | . . . . . . Hacking | -11 -10 -9 -9 -8 -7 --------- Run | Yrd Mat Mat Min Mat Fac Machines Accessed 12 | . 7 4 1 . . Terminals 12 | . 7 4 1 . . Fabricators . | . . . . . . Repair Stations . | . . . . . . Recycling Units . | . . . . . . Scanalyzers . | . . . . . . Garrison Access . | . . . . . . Total Hacks 38 | . 23 14 1 . . Successful 22 | . 14 7 1 . . Failed 16 | . 9 7 . . . Catastrophic . | . . . . . . Database Lockouts . | . . . . . . Manual 35 | . 20 14 1 . . Terminals 38 | . 23 14 1 . . Fabricators . | . . . . . . Repair Stations . | . . . . . . Recycling Units . | . . . . . . Scanalyzers . | . . . . . . Garrison Access . | . . . . . . Terminal Hacks 4 | . 4 . . . . Prototype ID Bank 1 | . 1 . . . . Unreport Threat 2 | . 2 . . . . Zone Layout 1 | . 1 . . . . Fabricator Hacks . | . . . . . . Repair Station Hacks . | . . . . . . Recycling Unit Hacks . | . . . . . . Scanalyzer . | . . . . . . Garrison Access Hacks . | . . . . . . Unauthorized Hacks 18 | . 10 7 1 . . Terminals 18 | . 10 7 1 . . Botnet 6 | . 4 2 . . . Operators 2 | . 1 1 . . . Skim 9 | . 5 4 . . . Search 1 | . . . 1 . . Fabricators . | . . . . . . Repair Stations . | . . . . . . Recycling Units . | . . . . . . Scanalyzers . | . . . . . . Garrison Access . | . . . . . . Data Cores Recovered 1 | . . . . 1 . Used . | . . . . . . Hacking Detections 9 | . 5 4 . . . Full Trace Events . | . . . . . . Feedback Events . | . . . . . . Feedback Blocked . | . . . . . . Robot Schematics Acquired . | . . . . . . Robots Built . | . . . . . . Authchips . | . . . . . . Time . | . . . . . . Total Robot Build Rating . | . . . . . . Part Schematics Acquired . | . . . . . . Parts Built . | . . . . . . Authchips . | . . . . . . Time . | . . . . . . Total Part Build Rating . | . . . . . . Parts Repaired . | . . . . . . Time . | . . . . . . Parts Recycled . | . . . . . . Recycled Matter . | . . . . . . Retrieved Matter . | . . . . . . Retrieved Components . | . . . . . . Parts Scanalyzed . | . . . . . . Part Schematics Acquired . | . . . . . . Parts Damaged . | . . . . . . Bothacking | -11 -10 -9 -9 -8 -7 ------------ Run | Yrd Mat Mat Min Mat Fac Used RIF Installer . | . . . . . . Robots Hacked . | . . . . . . Non-combat . | . . . . . . Combat . | . . . . . . Robot Hacks Applied . | . . . . . . Relay Couplers Released . | . . . . . . Fabnet Peak Effective % . | . . . . . . Robots Rewired . | . . . . . . Allies Hacked . | . . . . . . Hacks Repelled . | . . . . . . Allies | -11 -10 -9 -9 -8 -7 -------- Run | Yrd Mat Mat Min Mat Fac Total Allies . | . . . . . . Largest Group . | . . . . . . Highest-Rated Group . | . . . . . . Highest-Rated Ally . | . . . . . . Total Orders . | . . . . . . Ally Attacks . | . . . . . . Total Damage . | . . . . . . Kills . | . . . . . . Allies Corrupted . | . . . . . . Allies Melted . | . . . . . . Intel | -11 -10 -9 -9 -8 -7 ------- Run | Yrd Mat Mat Min Mat Fac Active Infowar (turns) 2600 | 115 1343 349 208 478 107 Optics 249 | . . . . 142 107 Sensors 181 | . . 181 . . . Structural 371 | . . 164 207 . . Seismic 2254 | 115 1343 185 50 478 83 Robot Analysis Total . | . . . . . . Derelict Logs Recovered 2 | . . . 2 . . Drone Launches . | . . . . . . Drone Recoveries . | . . . . . . Exploration | -11 -10 -9 -9 -8 -7 ------------- Run | Yrd Mat Mat Min Mat Fac Turns Passed 2805 | 239 1343 430 208 478 107 Spaces Moved 2429 | 112 813 540 289 512 163 Core 153 | 3 1 . . 149 . Treads 440 | 109 331 . . . . Legs 565 | . 476 89 . . . Wheels . | . . . . . . Hover . | . . . . . . Flight 1271 | . 5 451 289 363 163 Fastest Speed 27 | 50 107 34 34 34 27 Average Speed 83 | 157 136 48 48 55 32 Slowest Speed 300 | 160 300 120 107 250 37 Overloaded Moves . | . . . . . . Propulsion Burnouts . | . . . . . . Robots Hopped . | . . . . . . Potential Cave-ins 6 | . . . . 6 . Cave-ins Triggered . | . . . . . . Exploration Rate (%) 44 | 6 96 57 52 48 5 Regions Visited 5 Branch Regions 1 Pre-discovered Areas 4 | . 4 . . . . Known Exits Taken 4 | . 1 1 1 1 . Unknown Exits Taken 1 | 1 . . . . . Scrap Searched 2 | . . . 2 . . Spaces Dug 61 | . . 3 . 58 . Terrain Destroyed 220 | . . 3 3 121 93 Melee 18 | . . 3 . 15 . Projectile . | . . . . . . AOE 202 | . . . 3 106 93 Terrain Rammed . | . . . . . . Walls Destroyed . | . . . . . . Machines Disabled . | . . . . . . Actions | -11 -10 -9 -9 -8 -7 --------- Run | Yrd Mat Mat Min Mat Fac Total 2850 | 141 955 632 330 603 189 Wait 30 | . 9 4 14 . 3 Move 2424 | 111 812 539 288 511 163 Hop . | . . . . . . Pick Up 33 | 5 17 6 2 3 . Fast Attach 42 | 7 9 6 2 12 6 Attach 12 | . 1 6 . 4 1 Detach 7 | . . 4 1 2 . Swap 37 | 1 20 6 5 4 1 Drop 57 | . 32 10 3 12 . Fire 136 | 17 54 39 13 7 6 Melee 72 | . 1 12 2 48 9 Ram . | . . . . . . Kick . | . . . . . . Crush . | . . . . . . Escape Stasis . | . . . . . . Rewire . | . . . . . . Trap . | . . . . . . Miscellaneous . | . . . . . . Route ------- -11/Scrapyard -10/Materials (discovered 6 exits: *Mat x3 / *Min x2 / *Sub) -9/Materials (discovered 3 exits: *Mat / *Min x2) -9/Mines (discovered 2 exits: *Mat x2) -8/Materials -7/Factory History --------- Turn | Location | Event 9 | -11/Scrapyard | Discovered new exit (range 15) 240 | -11/Scrapyard | Entered Materials 317 | -10/Materials | Build established: Mutant 558 | -10/Materials | Discovered new exit (range 13) 645 | -10/Materials | Discovered new exit (range 8) 957 | -10/Materials | Discovered new exit (range 16) 1053 | -10/Materials | Discovered new exit (range 6) 1326 | -10/Materials | Discovered new exit (range 5) 1356 | -10/Materials | Discovered new exit (range 13) 1392 | -10/Materials | Identified exit to Mines 1392 | -10/Materials | Identified exit to Subcaves 1392 | -10/Materials | Identified exit to Materials 1494 | -10/Materials | Learned Storage garrison access intel 1498 | -10/Materials | Learned location of Subcaves (-10) 1505 | -10/Materials | Learned location of 1 exit from Recycling 1519 | -10/Materials | Learned location of Recycling (-7) 1541 | -10/Materials | Learned location of 2 exits from Subcaves 1571 | -10/Materials | Learned Storage security intel 1583 | -10/Materials | Entered another Materials area 1583 | -9/Materials | Evolved 2 slots: Propulsion x1, Utility x1 1584 | -9/Materials | Identified exit to Mines 1817 | -9/Materials | Core integrity fell below 50% 1895 | -9/Materials | Discovered new exit (range 11) 1898 | -9/Materials | Identified exit to Materials 2013 | -9/Materials | Entered Mines 2058 | -9/Mines | Found a hidden stash of uninstalled traps 2097 | -9/Mines | Core integrity fell below 20% 2195 | -9/Mines | Learned 2 Materials zone layouts 2208 | -9/Mines | Discovered exit to Materials (range 14) 2209 | -9/Mines | Discovered exit to Materials (range 10) 2221 | -9/Mines | Entered Materials 2221 | -8/Materials | Evolved 2 slots: Propulsion x1, Utility x1 2222 | -8/Materials | Identified exit to Factory 2406 | -8/Materials | Core integrity fell below 50% 2424 | -8/Materials | Lost 3 parts (3n) 2433 | -8/Materials | Met 7R-MNS 2699 | -8/Materials | Entered Factory 2699 | -7/Factory | Evolved 2 slots: Propulsion x1, Utility x1 2700 | -7/Factory | Caught up to 7R-MNS 2783 | -7/Factory | Core integrity fell below 50% 2783 | -7/Factory | Core integrity fell below 20% 2804 | -7/Factory | Attacked by 7R-MNS 2806 | -7/Factory | Destroyed by 7R-MNS with Wave Gun Last Messages --------------- 02786_ Particle Gun fried. 02788_ Acquired 25 matter. 02791_ U-05 Engineer lays Concrete. 02791_ Acquired VTOL Module. 02792_ U-05 Engineer builds a Wall. 02793_ K-01 Serf collects debris. 02795_ Acquired Rocket Launcher. 02796_ K-01 Serf collects debris. 02797_ U-05 Engineer lays Concrete. 02798_ U-05 Engineer builds a Wall. 02798_ Acquired Lgt. Nuclear Core. 02799_ K-01 Serf collects debris. 02802_ Great Maul destroyed. 02802_ Destroyed Great Maul. 02802_ Imp. Flight Unit destroyed. 02802_ Destroyed Imp. Flight Unit. 02803_ U-05 Engineer destroyed. 02804_ 7R-MNS: "But I'm the good guy! How dare you." 02806_ Imp. Flight Unit destroyed. Map ----- +----------------------------------------------------+ | ?????????????????????????????????????????????????? | | ?????????????????????????????????????????????????? | | ?????????????????????????????????????????????????? | | ?????????????????????????????????????????????????? | | ?????????????????????????????????????????????????? | | ?????????????????????????????????????????????????? | | ?????????????????????????????????????????????????? | | ?????????????????????????????????????????????????? | | ????????????????????????? ?????????????????????? | | ????????????????????????? ?######???+########### | | ????????????????????????? # ?? | | ????????????????????????? # ?? | | ????????????????????????? # ? | | ????????????????????????" # ? | | ???????????????????????? # ??? | | ????????????????????????" # #####+########## | | ????????????????????? """ # # = #??# | | ????????????????????# """ # # #?## | | ????????????????????# + # #?# | | ????????????????????# """ # # ![ ] #?#T | | ??????????? ???????# """ # # ![ #?## | | ???????????? ????# """ # #### | | ??????????????# ??? # %! " ## | | ??????????????# ### # [%* ########## ## | | ??????????????# g %%[ | | ??????????????# @ * | | ??????????????# | | ??????????????# | | ??????????????# | | ??????????????##################### | | ????????????????????????????###???# | | ??????????????????????####### #### ! | | ??????????????????????# %%% ]!! | | ??????????????????????# !" ]!! | | ??????????????????????# " | | ??????????????????????# ! | | ????????????????????### "" ####+#+#### | | ????????????????????# " " #?????????? | | ????????????????????# " # #?????????? | | ???????????????????## " #?????????? | | ???????????????????# " #?????????? | | ???????????????????## #?????????? | | ????????????????????# "####?????????? | | ????????????????????# ! "#????????????? | | ????????????????????# " ###????????????? | | ????????????????????# #??????????????? | | ????????????????????##### ###??????????????? | | ????????????????????????#########????????????????? | | ?????????????????????????????????????????????????? | | ?????????????????????????????????????????????????? | +----------------------------------------------------+ Best States ------------- Heat Dissipation 53 Energy Generation 14 Energy Capacity 280 Matter Stores 300 Matter Capacity 300 Sight Range 18 Robot Scan Range 14 Terrain Scan Density 10 Evasion (%) 63 Melee Accuracy 5 Recoil Reduction 2 Salvage Targeting 1 Item Schematics ----------------- None Robot Schematics ------------------ None Fabricated ------------ Nothing Repaired ---------- Nothing Alien Tech Used ----------------- None Achievements -------------- Batter Up Challenges ------------ None Game ------ Seed CouplerProcessingSaw Manual? 0 Play Time 00:36:36 Cumulative 89.0 hours Start 2025.07.17 @ 21:57:23 End 2025.07.17 @ 22:32:01 Sessions 1 Manual Loads 0 Difficulty Rogue Special Mode None Game No. 97 Rogue 97 Adventurer 0 Explorer 0 Win Type - Total 0 Types 0/0/0/0/0/0/0/0/0/0 Lore% 51 Gallery% 41 Achievement% 32 Wizard Run 0 Options --------- Layout 1 ASCII 0 Keyboard 0 Movement Mouse Keybinds 0 Fullscreen 2 Font 48/Smallcaps Map View 50x35 Zoom Use 0% Tactical HUD 1 Map Filters NONE Filters NONE Steam 0 RUN: df082bae-ec79-42b4-a31f-fa30f0ee03fb